 Dungeon Crawl Stone Soup version 0.17-a0-1596-g1e86911 (webtiles) character file.

109 urechis the Cudgeler (level 4, -1/49 HPs)
             Began as an Ogre Gladiator on July 31, 2015.
             Slain by cmdexe's ghost (10 damage)
             ... on level 3 of the Dungeon.
             The game lasted 00:02:06 (1975 turns).

urechis the Cudgeler (Ogre Gladiator)               Turns: 1975, Time: 00:02:06

Health: -1/49      AC:  3    Str: 21    XL:     4   Next: 89%
Magic:  13/13      EV: 10    Int:  7    God:
Gold:   102        SH:  0    Dex: 10    Spells: 0 memorised, 3 levels left

rFire  . . .     SeeInvis .     a - +0 flail
rCold  . . .     Clarity  .     b - +0 robe
rNeg   . . .     SustAt   .     (no shield)
rPois  .         Gourm    .     (helmet restricted)
rElec  .         Spirit   .     (no cloak)
rCorr  .         Warding  .     (gloves unavailable)
rMut   .         Stasis   .     (boots unavailable)
MR     .....                    (no amulet)
Stlth  +.........               (no ring)
                                p - ring of magical power

@: not resistant to hostile enchantments, very unstealthy
A: unfitting armour, tough skin 1
a: no special abilities


You were on level 3 of the Dungeon.
You were hungry.

You visited 1 branch of the dungeon, and saw 3 of its levels.

You collected 102 gold pieces.

Inventory:

Hand weapons
 a - a +0 flail (weapon)
Missiles
 d - 3 throwing nets (quivered)
 l - 8 poisoned needles
Armour
 b - a +0 robe (worn)
Jewellery
 p - a ring of magical power (left hand)
Magical devices
 r - a wand of fire (4)
Scrolls
 f - a scroll of random uselessness {unknown}
 h - a scroll of magic mapping {unknown}
 i - 4 scrolls of fog {unknown}
 j - a scroll of amnesia {unknown}
 n - a scroll of identify {unknown}
 s - a scroll of remove curse {unknown}
Potions
 c - a potion of heal wounds {unknown}
 g - a potion of curing {unknown}
 k - a potion of magic {unknown}
 m - a potion of might {unknown}
 o - a potion of agility {unknown}
Comestibles
 e - 2 bread rations
 q - a chunk of flesh


   Skills:
 + Level 4.4 Fighting
 * Level 6.2 Maces & Flails
 - Level 2.1 Throwing
 - Level 2.6 Dodging


You had 3 spell levels left.
You didn't know any spells.

Dungeon Overview and Level Annotations

Branches:
Dungeon (3/15)

Altars:
Vehumet

Annotations:
D:3 Sigmund; cmdexe's ghost, average HOFi


Innate Abilities, Weirdness & Mutations

You are too large for most types of armour.
You have tough skin (AC +1).


Message History

Cmdexe's ghost (average Hill Orc Fighter) comes into view.
Cmdexe's ghost turns its malevolent gaze towards you.
Sigmund gestures at you while chanting. The puff of flame hits you!
Sigmund hits you from afar with a scythe.
You see here a fuming black potion.
Sigmund casts a spell at you. You resist with some effort.
Cmdexe's ghost hits you!
You hit Sigmund.
Sigmund is lightly wounded.
Sigmund points at you and mumbles some strange words.
You resist with some effort. Cmdexe's ghost hits you!
* * * LOW HITPOINT WARNING * * *
Sigmund says, "Now you see me, now you don't..."
Sigmund hits you from afar with a scythe.
* * * LOW HITPOINT WARNING * * *
Cmdexe's ghost whispers, "They're coming for you..."
Cmdexe's ghost barely misses you. Cmdexe's ghost hits you!
You die...

##.###.##...(..##.####.......
. ...##.........# #.##.##. #
######...<..##.# ##.#
#.....###.###..##
#.....###.......#
##.........##.#.#
#...#####.##.#.#
#............#.#
#####..@##.##.##...#
.#..>..W.....#.#..#..#
......@.!......#........
##...........#.#...#.###
#####.........##...##
#...##........##
.....#########.# ##....#
#.#.##


You could see Sigmund and cmdexe's ghost.

Vanquished Creatures
  4 adders
  An ooze (D:1)
  2 worms
  An orc (D:3)
  A ball python (D:3)
  3 giant cockroaches (D:1)
  6 hobgoblins
  9 jackals
  A quokka (D:3)
  6 bats
  6 giant newts
  8 goblins
  10 kobolds
  6 rats
64 creatures vanquished.

Notes
Turn   | Place    | Note
--------------------------------------------------------------
     0 | D:1      | urechis the Ogre Gladiator began the quest for the Orb.
     0 | D:1      | Reached XP level 1. HP: 22/22 MP: 1/1
   173 | D:1      | Reached XP level 2. HP: 16/31 MP: 2/2
   590 | D:1      | Reached XP level 3. HP: 37/37 MP: 3/3
   613 | D:1      | Reached skill level 5 in Maces & Flails
  1272 | D:2      | Reached XP level 4. HP: 38/48 MP: 4/4
  1467 | D:2      | Found a faded altar to an unknown god.
  1546 | D:2      | Reached skill level 6 in Maces & Flails
  1775 | D:2      | Found a radiant altar of Vehumet.
  1968 | D:3      | Noticed Sigmund
  1970 | D:3      | Noticed cmdexe's ghost (average HOFi)
  1975 | D:3      | Slain by cmdexe's ghost

Vault maps used:
D:1:      shiori_arrival_maze, roderic_roman_lattice
D:2:      nicolae_overflow_hidden_temple, ecumenical_altar_2
D:3:      nicolae_ru_sacrificial_ziggurat, uniq_sigmund, uniq_crazy_yiuf_cottage

Action                   |  1- 3 |  4- 6 || total
-------------------------+-------+-------++-------
Melee: Flail             |   103 |    63 ||   166
 Stab: Sleeping          |     3 |     1 ||     4
  Eat: Chunk             |     1 |     2 ||     3
